General information
- name: BNet
- type: Ladder team game (AT/RT)
- host: Battle.net
- saver: BEAR_AND
map: Goldshire
- players: 4
- length: 26:50
- speed: Fast
- version: 1.21 W3XP
- replay type:

» download(107 KB)
Players
team 1 (loser)
DUNGattack (
purple | 36 APM | 793 actions | 21:45)
4 Paladin
2 Holy Light
2 Divine Shield
» actions
| Build / train | 59 | |
| Enter build submenu | 23 | |
| Enter hero's abilities submenu | 4 | |
| Remove unit from queue | 3 | |
| Right click | 344 | |
| Select / deselect | 316 | |
| Use ability | 44 | |
793 total
» units
| Peasant | 8 | |
| Footman | 16 | |
| Mortar Team | 2 | |
| Priest | 4 | |
| Knight | 8 | |
| Sorceress | 2 | |
40 total
» upgrades
| Defend | 1 | |
| Plating | 3 | |
| Priest Training | 2 | |
| Swords | 2 | |
| Animal War Training | 1 | |
9 total
» buildings
| Altar of Kings | 1 | |
| Farm | 10 | |
| Barracks | 2 | |
| Arcane Vault | 1 | |
| Keep | 1 | |
| Blacksmith | 1 | |
| Lumber Mill | 1 | |
| Workshop | 1 | |
| Arcane Sanctum | 1 | |
| Castle | 1 | |
20 total
» build order
00:06 Altar of Kings
00:08 Farm
00:43 Barracks
01:35 Farm
01:51 Barracks
02:19 Farm
03:10 Farm
03:55 Arcane Vault
05:05 Keep
08:00 Blacksmith
08:47 Lumber Mill
09:19 Workshop
10:54 Arcane Sanctum
11:06 Farm
11:14 Farm
11:32 Castle
13:14 Farm
14:20 Farm
19:07 Farm
19:10 Farm
fecesslurpee (
teal | 24 APM | 647 actions | 26:48)
1 Archmage
1 Blizzard
» actions
| Build / train | 47 | |
| Enter build submenu | 22 | |
| Enter hero's abilities submenu | 1 | |
| Right click | 285 | |
| Select / deselect | 255 | |
| Use ability | 37 | |
647 total
» units
| Peasant | 6 | |
| Footman | 17 | |
| Mortar Team | 9 | |
| Rifleman | 2 | |
34 total
» upgrades
| Defend | 1 | |
| Masonry | 1 | |
| Gunpowder | 3 | |
| Fragmentation Shards | 1 | |
| Long Rifles | 1 | |
7 total
» buildings
| Altar of Kings | 1 | |
| Farm | 10 | |
| Barracks | 2 | |
| Lumber Mill | 1 | |
| Keep | 1 | |
| Castle | 1 | |
| Blacksmith | 1 | |
| Workshop | 2 | |
| Scout Tower | 3 | |
| Cannon Tower | 2 | |
| Town Hall | 1 | |
25 total
» build order
00:11 Altar of Kings
00:18 Farm
00:35 Barracks
00:57 Farm
01:37 Barracks
01:47 Lumber Mill
01:57 Farm
06:12 Keep
08:51 Farm
09:01 Castle
09:10 Blacksmith
09:40 Farm
10:14 Workshop
10:18 Workshop
12:47 Farm
13:28 Farm
14:08 Farm
16:57 Farm
19:27 Scout Tower
20:02 Cannon Tower
20:09 Farm
20:25 Scout Tower
20:56 Cannon Tower
21:02 Scout Tower
22:02 Town Hall
team 2 (winner)
BEAR_AND (
yellow | 85 APM | 2272 actions | 26:50)
6 Tauren Chieftain
3 Shockwave
2 Endurance Aura
1 Reincarnation
» actions
| Assign group hotkey | 10 | |
| Basic commands | 4 | |
| Build / train | 64 | |
| Enter build submenu | 36 | |
| Enter hero's abilities submenu | 6 | |
| Give item / drop item | 9 | |
| Remove unit from queue | 3 | |
| Right click | 1236 | |
| Select / deselect | 209 | |
| Select group hotkey | 580 | |
| Use ability | 115 | |
2272 total
» units
» upgrades
| Spiked Barricades | 2 | |
| Ensnare | 1 | |
| Melee Weapons | 2 | |
| Armor | 3 | |
| Backpack | 0 | |
| Pillage | 1 | |
9 total
» buildings
| Altar of Storms | 1 | |
| Orc Burrow | 4 | |
| War Mill | 1 | |
| Watch Tower | 25 | |
| Voodoo Lounge | 1 | |
| Stronghold | 1 | |
| Beastiary | 2 | |
| Fortress | 1 | |
| Great Hall | 1 | |
37 total
» build order
00:07 Altar of Storms
00:18 Orc Burrow
00:39 War Mill
01:52 Watch Tower
01:54 Watch Tower
02:40 Watch Tower
02:43 Watch Tower
03:00 Voodoo Lounge
03:05 Watch Tower
03:43 Watch Tower
03:46 Watch Tower
04:31 Stronghold
04:44 Orc Burrow
06:12 Watch Tower
06:13 Watch Tower
06:19 Watch Tower
07:10 Watch Tower
07:11 Watch Tower
07:16 Beastiary
07:49 Watch Tower
07:52 Watch Tower
07:57 Beastiary
08:05 Watch Tower
08:44 Watch Tower
08:47 Watch Tower
10:05 Watch Tower
10:07 Watch Tower
10:08 Watch Tower
10:18 Watch Tower
11:07 Orc Burrow
11:09 Watch Tower
11:22 Orc Burrow
11:35 Fortress
14:01 Watch Tower
18:47 Watch Tower
18:49 Watch Tower
25:15 Great Hall
» items
| Healing Salve | 6 | |
| Lesser Clarity Potion | 8 | |
| Staff of Teleportation | 1 | |
| Boots of Speed | 1 | |
| Potion of Mana | 4 | |
| Orb of Lightning | 1 | |
21 total
dirtmcwordup (
green | 66 APM | 1770 actions | 26:48)
4 Dark Ranger
2 Black Arrow
2 Life Drain
3 Blood Mage
2 Flame Strike
1 Siphon Mana
» actions
| Assign group hotkey | 10 | |
| Basic commands | 76 | |
| Build / train | 88 | |
| ESC pressed | 8 | |
| Enter build submenu | 60 | |
| Enter hero's abilities submenu | 7 | |
| Right click | 673 | |
| Select / deselect | 299 | |
| Select group hotkey | 384 | |
| Use ability | 163 | |
1770 total
» units
» upgrades
| Masonry | 2 | |
| Lumber Harvesting | 1 | |
| Magic Sentry | 1 | |
4 total
» buildings
| Lumber Mill | 3 | |
| Altar of Kings | 1 | |
| Farm | 5 | |
| Scout Tower | 84 | |
| Arcane Tower | 2 | |
| Guard Tower | 27 | |
| Keep | 1 | |
| Arcane Sanctum | 1 | |
| Town Hall | 2 | |
| Arcane Vault | 2 | |
| Castle | 1 | |
129 total
» build order
00:14 Lumber Mill
00:54 Altar of Kings
00:56 Farm
00:59 Scout Tower
01:25 Arcane Tower
01:26 Arcane Tower
01:29 Scout Tower
01:52 Farm
02:24 Guard Tower
02:26 Scout Tower
02:30 Scout Tower
02:43 Scout Tower
03:06 Guard Tower
03:14 Guard Tower
03:18 Scout Tower
03:25 Scout Tower
03:30 Scout Tower
03:49 Guard Tower
03:55 Scout Tower
04:00 Guard Tower
04:35 Farm
05:19 Guard Tower
06:19 Scout Tower
06:21 Scout Tower
06:23 Keep
07:54 Guard Tower
07:56 Scout Tower
07:57 Scout Tower
08:28 Guard Tower
08:29 Scout Tower
08:30 Scout Tower
08:31 Scout Tower
08:32 Scout Tower
08:51 Arcane Sanctum
09:03 Scout Tower
09:04 Scout Tower
09:06 Scout Tower
09:06 Scout Tower
09:07 Scout Tower
09:08 Scout Tower
09:08 Scout Tower
09:13 Guard Tower
09:27 Guard Tower
09:37 Lumber Mill
09:49 Lumber Mill
10:06 Guard Tower
10:56 Town Hall
11:04 Guard Tower
11:20 Scout Tower
11:24 Farm
11:25 Farm
12:04 Guard Tower
12:46 Arcane Vault
13:13 Scout Tower
14:04 Scout Tower
14:05 Scout Tower
14:07 Scout Tower
14:32 Guard Tower
14:44 Guard Tower
15:20 Guard Tower
15:33 Scout Tower
16:04 Guard Tower
16:44 Scout Tower
16:45 Scout Tower
16:46 Scout Tower
16:49 Scout Tower
16:56 Scout Tower
16:57 Scout Tower
16:57 Scout Tower
17:00 Scout Tower
17:00 Scout Tower
17:01 Scout Tower
17:02 Scout Tower
17:03 Scout Tower
17:04 Scout Tower
17:35 Scout Tower
17:36 Scout Tower
17:36 Scout Tower
17:37 Scout Tower
17:38 Scout Tower
17:40 Scout Tower
17:40 Scout Tower
17:41 Scout Tower
17:41 Scout Tower
17:42 Scout Tower
17:44 Scout Tower
17:45 Scout Tower
18:16 Guard Tower
18:38 Guard Tower
18:45 Scout Tower
18:46 Scout Tower
18:47 Scout Tower
18:49 Scout Tower
18:50 Scout Tower
18:51 Scout Tower
18:53 Scout Tower
18:54 Scout Tower
18:55 Scout Tower
18:57 Scout Tower
18:58 Scout Tower
19:00 Scout Tower
19:04 Guard Tower
19:17 Guard Tower
20:14 Guard Tower
20:19 Scout Tower
20:20 Scout Tower
20:20 Scout Tower
21:06 Castle
22:02 Town Hall
23:34 Scout Tower
23:35 Scout Tower
23:39 Scout Tower
23:40 Scout Tower
23:40 Scout Tower
23:41 Scout Tower
23:42 Scout Tower
23:43 Scout Tower
23:44 Scout Tower
23:48 Scout Tower
23:49 Scout Tower
23:49 Scout Tower
23:50 Scout Tower
23:51 Scout Tower
24:33 Guard Tower
24:50 Arcane Vault
24:54 Guard Tower
25:19 Guard Tower
25:46 Guard Tower
26:13 Guard Tower
» items
| Healing Salve | 1 | |
| Potion of Mana | 5 | |
| Potion of Healing | 1 | |
| Lesser Clarity Potion | 5 | |
12 total
Chat log
(01:16 / All) BEAR_AND: gl hf
(01:21 / All) dirtmcwordup: gl hf ......
(08:07 / All) BEAR_AND: quit now fat noobs
(08:12 / All) fecesslurpee: LOL
(08:16 / All) fecesslurpee: HAHAHAHA
(08:21 / All) fecesslurpee: HAAAAAAAAAAAAAAAAAAAAAAAAAAAAAAA
(08:25 / All) BEAR_AND: hahahah quit
(08:32 / All) fecesslurpee: NEVER!!!!!!!!!!!!
(20:52 / All) BEAR_AND: GG quit now fat noobs
(21:02 / All) DUNGattack: lol your the biggest noobs ive ever seen
(21:06 / All) BEAR_AND: rematch?
(21:07 / All) BEAR_AND: 1v1?
(21:19 / All) DUNGattack: HAHAHA YOUL JUST TOWER
(21:26 / All) DUNGattack: EVERYWHERE
(21:31 / All) BEAR_AND: well
(21:32 / All) BEAR_AND: gg
(21:32 / All) BEAR_AND: quit
(23:09 / All) BEAR_AND: how are you so bad at this game
(23:16 / All) BEAR_AND: seriously wow
(23:22 / All) fecesslurpee: HAAAAAA
(23:25 / All) fecesslurpee: HAHAHAHAHA
(23:27 / All) fecesslurpee: HAHAHAHH
(23:32 / All) fecesslurpee: ???????????????????????
(23:33 / All) BEAR_AND: haha im laughing too
(23:45 / All) fecesslurpee: HAVE YOU READ MY NAME???????
(24:01 / All) fecesslurpee: YOU THINK IM GOOD???????????
(24:03 / All) dirtmcwordup: no
(24:04 / All) BEAR_AND: recess lurpee
(24:06 / All) BEAR_AND: wtf is that
(24:09 / All) fecesslurpee: LOL
(24:20 / All) dirtmcwordup: reces sluprpee
(24:30 / All) dirtmcwordup: when u skip reces and get slurpee from 7-11...
(24:43 / All) BEAR_AND: i didn't have a 7-11 by my elementary school
(25:00 / All) BEAR_AND: leave now bye
(25:19 / All) fecesslurpee: IF YOU WOULD HAVE SHUT UP, I WOULD HAVE
(25:23 / All) BEAR_AND: hahaha
(25:25 / All) dirtmcwordup: begone
(25:25 / All) BEAR_AND: 1v1?
(25:28 / All) fecesslurpee: BUT NOT NOW
(25:38 / All) fecesslurpee: YOU HAVE TO KILL EVERYTHING
(25:44 / All) fecesslurpee: LOSERS
(25:46 / All) BEAR_AND: ok that will be....30 second
(25:54 / All) fecesslurpee: 30
(25:56 / All) fecesslurpee: 29
(25:58 / All) fecesslurpee: 28
(26:00 / All) fecesslurpee: 27
(26:02 / All) fecesslurpee: 26
(26:05 / All) fecesslurpee: 25
(26:08 / All) fecesslurpee: 24
(26:10 / All) fecesslurpee: 23
(26:11 / All) fecesslurpee: 22
(26:13 / All) fecesslurpee: 21
(26:14 / All) fecesslurpee: 20
(26:16 / All) fecesslurpee: 19
(26:18 / All) fecesslurpee: 18
(26:20 / All) fecesslurpee: 17
(26:22 / All) fecesslurpee: 16
(26:25 / All) fecesslurpee: 15
(26:27 / All) fecesslurpee: 14
(26:33 / All) fecesslurpee: !2
(26:36 / All) fecesslurpee: !1
(26:39 / All) fecesslurpee: 0!
(26:43 / All) fecesslurpee: HAHAHAHAHAHAHHA
(26:47 / All) dirtmcwordup: still got 10 sec